 Dungeon Crawl Stone Soup version 0.17-a0-1571-g3ed2ab2 (webtiles) character file.

143223 maksaloota the Unseen (level 17, -18/117 HPs)
             Began as a Halfling Assassin on July 15, 2015.
             Was the Champion of Ru.
             Killed from afar by Nikola (51 damage)
             ... with a bolt of lightning
             ... on level 4 of the Swamp on July 24, 2015.
             The game lasted 03:23:04 (38161 turns).

maksaloota the Unseen (Halfling Assassin)          Turns: 38161, Time: 03:23:04

Health: -18/117    AC: 14    Str: 11    XL:     17   Next: 99%
Magic:  10/17      EV: 22    Int: 12    God:    Ru [******]
Gold:   776        SH:  0    Dex: 23    Spells: 4 memorised, 1 level left

rFire  + + .     SeeInvis .     Q - +12 rapier "Lauptakenn" {pierce, *Confuse +Blink rPois rC+ MR+}
rCold  + + .     Clarity  .     h - +3 ring mail "Jikeshyv" {rF++ Regen+}
rNeg   . . .     SustAt   .     (shield unavailable)
rPois  +         Gourm    .     o - +2 helmet
rElec  .         Spirit   .     w - +0 cloak
rCorr  +         Warding  .     F - +0 pair of gloves
rMut   .         Stasis   .     M - +0 pair of boots
MR     ++...                    L - amulet of resist corrosion
Stlth  +++++++...               z - ring of protection from cold
                                (ring unavailable)

@: exhausted, very slightly contaminated, studying Short Blades, heavily
drained, very resistant to hostile enchantments, extremely stealthy
A: agile 1, breathe flames 1, mutation resistance 1, missing a hand, hated by
all, inability to train armour, unskilled 1
a: Draw Out Power, Power Leap, Apocalypse, Renounce Religion, Breathe Fire,
Evoke Blink


You were on level 4 of the Swamp.
You worshipped Ru.
Ru was exalted by your worship.
You were full.

You visited 5 branches of the dungeon, and saw 32 of its levels.
You also visited: Labyrinth and Ice Cave.

You collected 2591 gold pieces.
You spent 1815 gold pieces at shops.

Inventory:

Hand weapons
 b - a +0 blowgun
 x - a +1 demon blade of freezing
 Q - the +12 rapier "Lauptakenn" (weapon) {pierce, *Confuse +Blink rPois rC+ MR+}
   (You acquired it in an ice cave)

   It inflicts extra damage upon your enemies.
   It protects you from cold.
   It protects you from poison.
   It affects your resistance to hostile enchantments.
   It lets you blink.
   It may confuse you when you take damage.
Missiles
 a - 7 tomahawks of returning
 e - 116 poisoned needles
 f - 13 curare-tipped needles
 n - 5 throwing nets
 N - 42 tomahawks (quivered)
Armour
 h - the +3 ring mail "Jikeshyv" (worn) {rF++ Regen+}
   (You found it on level 8 of the Lair of Beasts)

   It greatly protects you from fire.
   It increases your rate of regeneration.
 o - a +2 helmet (worn)
 w - a +0 cloak (worn)
 y - a swamp dragon hide
 F - a +0 pair of gloves (worn)
 M - a +0 pair of boots (worn)
Jewellery
 s - an uncursed ring of protection from magic
 z - a ring of protection from cold (right hand)
 L - an amulet of resist corrosion (around neck)
 S - an uncursed ring of protection from fire
 U - an uncursed ring of see invisible
Magical devices
 i - a wand of cold (7)
 l - a wand of disintegration (0)
 m - a wand of lightning (0)
 u - a wand of hasting (6)
 A - a wand of digging (7)
 Y - a wand of polymorph (3)
 Z - a wand of cold (4)
Scrolls
 c - 3 scrolls of blinking
 d - 5 scrolls of recharging
 p - 3 scrolls of fog
 r - 8 scrolls of identify
 v - 2 scrolls of brand weapon
 D - 9 scrolls of remove curse
 I - 3 scrolls of enchant armour
 O - 6 scrolls of teleportation
 V - a scroll of amnesia {unknown}
Potions
 B - a potion of berserk rage
 E - 2 potions of lignification
 H - a potion of magic
 K - a potion of cure mutation
 P - 2 potions of resistance
Books
 q - a book of Burglary

   Spells                             Type                      Level
   a - Swiftness                      Charms/Air                   2
   b - Passwall                       Transmutation/Earth          3
   c - Passage of Golubria            Translocation                4
   d - Lee's Rapid Deconstruction     Earth                        5
   e - Invisibility                   Hexes                        6
   f - Darkness                       Hexes                        7
 t - a book of the Warp

   Spells                             Type                      Level
   a - Recall                         Summoning/Translocation      3
   b - Gell's Gravitas                Hexes/Translocation          3
   c - Force Lance                    Conjuration/Translocation    4
   d - Phase Shift                    Translocation                5
   e - Warp Weapon                    Charms/Translocation         5
   f - Summon Forest                  Summoning/Translocation      5
 G - a manual of Short Blades
Miscellaneous
 j - a phantom mirror
Comestibles
 g - 14 bread rations
 k - a slice of pizza
 J - 6 meat rations
 R - 26 fruits
 T - 2 beef jerkies


   Skills:
 - Level 10.8(9.3) Fighting
 - Level 14.5(12.8) Short Blades
 - Level 10.0(8.5) Throwing
 - Level 11.9(10.4) Dodging
 - Level 18.0(16.2) Stealth
 + Level 10.4(8.9) Charms
 + Level 10.4(8.9) Translocations


You had one spell level left.
You knew the following spells:

 Your Spells              Type           Power        Failure   Level  Hunger
a - Swiftness             Chrm/Air       ##......     24%         2    ###....
b - Passwall              Trmt/Erth      #.........   99%         3    ####...
c - Phase Shift           Tloc           ###.......   71%         5    ######.
d - Warp Weapon           Chrm/Tloc      ###.......   71%         5    ######.


Dungeon Overview and Level Annotations

Branches:
Dungeon (15/15)            Temple (1/1) D:7            Lair (8/8) D:10
  Swamp (4/4) Lair:6       Spider (0/4) Lair:6        Slime (0/6) Lair:7
    Orc (4/4) D:11            Elf (0/3) Orc:4        Vaults (0/5) D:14
 Depths (0/5) D:15

Altars:
Elyvilon
Fedhas
Gozag
Makhleb
Ru
Trog
Xom
Yredelemnul
Beogh
Jiyva

Shops:
Orc:4 *:%(

Portals:
Pandemonium: Orc:4
Trove: D:13 (give +4 demon blade)

Annotations:
Swamp:4 Nikola


Innate Abilities, Weirdness & Mutations

You are small and have problems with some larger weapons.
You are somewhat resistant to further mutation.
You are missing a hand.
You are hated by all.
You cannot train Armour skill.
You are somewhat unskilled (-1 Apt).
You are agile. (Dex +2)
You can breathe flames.


Message History

You hear a roar! x4
You hear an angry buzzing noise.
You hear a roar!
You hear an angry buzzing noise. x2
You hear a roar! x5
You hear a loud, deep croak!
You hear a roar!
You hear a roar!
You hear a roar!
You hear a roar!
A swamp drake comes into view.
Nikola begins to cast a spell, but is stunned by your will!
You flicker back into view.
Nikola points at you and mumbles some strange words.
The zap hits you!
* * * LOW HITPOINT WARNING * * *
You focus your will and illuminate Nikola in retribution!
You enter the shallow water.
Moving in this stuff is going to be slow.
Nikola stops glowing.
You redirect Nikola's attack!
Nikola casts a spell at you. The bolt of lightning hits you!
You die...

..##..≈♣♣.§♣♣♣♣..§≈
....k..≈.≈.≈≈..≈§....
#.≈..†....≈≈.≈≈≈..≈
###.♣≈...≈≈≈.≈≈≈.♣ ≈.
♣♣....≈./≈≈≈♣♣
≈.♣♣♣♣♣≈≈..≈≈≈≈≈≈§♣
♣♣ ♣≈≈..≈J.≈≈≈≈≈≈.♣
♣♣♣♣.#@.≈≈≈≈≈≈.♣
♣≈.†.J≈.≈.@≈.≈♣≈♣≈≈
♣#(†.J.†≈≈≈<.§.§.≈≈
♣♣.)≈..≈.≈....≈≈≈≈
♣..≈≈≈≈.♣...≈≈≈≈≈
♣f.≈≈≈≈≈≈♣≈..≈≈≈.≈
♣♣.≈≈≈≈♣♣♣♣..§≈≈≈≈
♣≈≈≈§.♣ ..≈≈≈≈≈
♣♣..... .≈≈≈≈≈≈
♣.<.... ≈≈≈≈≈.≈


You could see Nikola and 3 slime creatures.

Vanquished Creatures
  Rupert (D:13)
  Aizul (Swamp:3)
  The ghost of Eptagon the Peltast, a powerful FoFi of Cheibriados (Lair:7)
  The ghost of simok the Fencer, a powerful DDBe of Trog (Orc:4)
  A minotaur (Lab)
  Erolcha (Orc:3)
  2 vault guards (D:14)
  2 rakshasas (D:15)
  Harold (Lair:1)
  19 hydras
  8 alligators
  A ghost crab (Swamp:3)
  2 tengu warriors (D:15)
  5 orc high priests (Orc:4)
  17 death yaks
  9 spriggans
  3 ice devils
  A fire crab (Lair:7)
  An unseen horror (D:15)
  An infernal demonspawn (Orc:4)
  A fire crab (shapeshifter) (D:15)
  2 wizards (D:14)
  3 shambling mangroves
  A gelid demonspawn (Orc:4)
  2 ice statues (IceCv)
  8 swamp dragons
  A lindwurm (Lair:5)
  A necromancer (IceCv)
  7 hill giants
  6 ugly things
  An oklob plant (Orc:3)
  A hornet (Swamp:4)
  4 orc knights (Orc:4)
  7 orc sorcerers (Orc:4)
  6 cyclopes
  7 elephants
  2 griffons
  2 orange demons (Orc:4)
  Joseph (D:7)
  7 black mambas
  2 torpor snails
  3 gargoyles
  26 spiny frogs
  2 kobold demonologists (D:11)
  A tengu conjurer (D:15)
  A hellwing (Orc:4)
  A yaktaur (D:14)
  12 komodo dragons
  A red devil (Orc:4)
  A polar bear (Lair:8)
  8 blue devils (IceCv)
  13 slime creatures
  5 giant leeches
  A freezing wraith (D:14)
  A hornet zombie (D:15)
  3 trolls
  2 bog bodies
  12 blink frogs
  A trapdoor spider zombie (D:9)
  A boulder beetle (Lair:8)
  2 trapdoor spiders (Lab)
  A redback (shapeshifter) (D:14)
  5 hungry ghosts
  4 shadows
  35 yaks
  A spriggan (shapeshifter) (D:15)
  2 wyverns
  18 humans (D:14)
  10 basilisks
  13 hippogriffs
  Grum (D:8)
  3 deep elf magi
  29 vampire mosquitoes
  A warg (Orc:1)
  Menkaure (D:7)
  A hippogriff (shapeshifter) (D:15)
  13 wolves
  A mottled dragon (D:15)
  16 swamp worms
  11 water moccasins
  12 porcupines
  An ice beast (D:10)
  Duvessa (D:7)
  2 phantoms
  4 sky beasts
  6 swamp drakes
  An eye of draining (D:11)
  16 wasps
  2 black bears (D:8)
  5 ogres
  8 spiders (Lair:6)
  2 necrophages
  A boggart (D:15)
  30 orc warriors
  4 centaurs (D:15)
  20 crocodiles
  27 giant frogs
  4 big kobolds
  A wyvern zombie (D:14)
  Dowan (D:7)
  10 killer bees
  2 scorpions (D:8)
  13 wights
  5 electric eels (Lair:8)
  6 crimson imps
  A quasit (D:7)
  4 hounds
  5 draconian simulacra (IceCv)
  7 iguanas
  5 centaur skeletons
  5 centaur zombies
  43 orc priests
  A jelly (shapeshifter) (D:15)
  14 orc wizards
  3 giant frog skeletons
  2 giant frog zombies
  Terence (D:3)
  4 worker ants
  47 sheep
  6 ogre zombies (D:11)
  3 centaur simulacra (IceCv)
  2 hound skeletons
  7 gnolls
  15 adders
  2 ogre simulacra (IceCv)
  80 river rats
  6 shadow imps
  5 giant eyeballs (D:15)
  2 oozes
  A worm (shapeshifter) (D:15)
  An adder skeleton (D:8)
  A giant gecko (D:9)
  123 orcs
  A ball python (D:3)
  13 bats
  A bat skeleton (D:5)
  12 goblins
  19 hobgoblins
  17 jackals
  32 kobolds
  3 quokkas
  5 giant cockroaches
  2 giant newts
  A goblin skeleton (D:11)
  3 goblin zombies (D:11)
  5 hobgoblin zombies (D:11)
  2 jackal skeletons
  2 orc skeletons (D:11)
  7 orc zombies (D:11)
  14 rats
  A fungus (Lair:8)
  A plant (Lair:2)
1134 creatures vanquished.

Vanquished Creatures (others)
  2 hydras
  An alligator (Swamp:3)
  A swamp dragon (Swamp:4)
  A komodo dragon (Lair:1)
  A bog body (Swamp:1)
  3 giant leeches
  A human (D:14)
  A wolf (D:8)
  A hippogriff (D:14)
  A killer bee (D:8)
  2 orc priests
  An iguana (Lair:1)
  A sheep (D:12)
  8 orcs
  2 kobolds
  79 fungi
  37 plants
143 creatures vanquished.

Grand Total: 1277 creatures vanquished

Notes
Turn   | Place    | Note
--------------------------------------------------------------
     0 | D:1      | maksaloota the Halfling Assassin began the quest for the Orb.
     0 | D:1      | Reached XP level 1. HP: 14/14 MP: 1/1
   149 | D:1      | Reached XP level 2. HP: 19/19 MP: 2/2
   995 | D:2      | Reached XP level 3. HP: 24/24 MP: 3/3
  1240 | D:2      | Reached skill level 5 in Stealth
  1451 | D:2      | Reached XP level 4. HP: 22/29 MP: 4/4
  1670 | D:2      | Found a shimmering altar of Xom.
  1672 | D:2      | Found a sacrificial altar of Ru.
  1673 | D:2      | Found a burning altar of Makhleb.
  1682 | D:2      | Became a worshipper of Ru the Awakened
  1994 | D:3      | Noticed Terence
  2023 | D:3      | Killed Terence
  2391 | D:3      | Reached XP level 5. HP: 34/34 MP: 5/5
  2961 | D:3      | Reached XP level 6. HP: 39/39 MP: 6/6
  2988 | D:3      | Gained mutation: You are somewhat unskilled (-1 Apt). [Ru sacrifice]
  2988 | D:3      | Acquired Ru's first power
  3055 | D:3      | Found a blossoming altar of Fedhas.
  3447 | D:4      | Found a sacrificial altar of Ru.
  4207 | D:5      | Entered Level 5 of the Dungeon
  4621 | D:5      | Reached skill level 5 in Short Blades
  4621 | D:5      | Reached skill level 5 in Throwing
  4621 | D:5      | Reached skill level 6 in Stealth
  4621 | D:5      | Reached XP level 7. HP: 35/43 MP: 7/7
  5238 | D:5      | Gained mutation: You can breathe flames. [potion of beneficial mutation]
  5370 | D:6      | Gained mutation: You cannot train Armour skill. [Ru sacrifice]
  5370 | D:6      | Acquired Ru's second power
  5370 | D:6      | Acquired Ru's third power
  5502 | D:6      | Reached XP level 8. HP: 48/48 MP: 8/8
  5507 | D:6      | Found a white marble altar of Elyvilon.
  5885 | D:6      | Reached skill level 7 in Stealth
  6728 | D:7      | Noticed Menkaure
  6766 | D:7      | Noticed Joseph
  7051 | D:7      | Killed Menkaure
  7353 | D:7      | Reached XP level 9. HP: 44/53 MP: 9/9
  7405 | D:7      | Found an opulent altar of Gozag.
  7408 | D:7      | Noticed Dowan
  7411 | D:7      | Noticed Duvessa
  7435 | D:7      | Killed Dowan
  7439 | D:7      | Killed Duvessa
  7439 | D:7      | Reached skill level 8 in Stealth
  7789 | D:7      | Found a staircase to the Ecumenical Temple.
  7843 | Temple   | Entered the Ecumenical Temple
  8319 | D:7      | Killed Joseph
  8468 | D:8      | Found a bloodstained altar of Trog.
  8487 | D:8      | Reached skill level 9 in Throwing
  8488 | D:8      | Gained mutation: You are missing a hand. [Ru sacrifice]
  8488 | D:8      | Acquired Ru's fourth power
  8488 | D:8      | Acquired Ru's fifth power
  8710 | D:8      | Reached XP level 10. HP: 59/59 MP: 10/10
  8963 | D:8      | Noticed Grum
  9010 | D:8      | Killed Grum
  9010 | D:8      | Reached skill level 10 in Short Blades
  9010 | D:8      | Reached skill level 10 in Throwing
  9190 | D:8      | Reached skill level 10 in Stealth
  9312 | D:9      | Found a basalt altar of Yredelemnul.
  9568 | D:9      | Identified the Collected Works on Transformation
 10119 | D:10     | Entered Level 10 of the Dungeon
 10153 | D:10     | Found a staircase to the Lair.
 10615 | D:10     | Gained mutation: You are hated by all. [Ru sacrifice]
 11201 | D:11     | You fall through a shaft for 3 floors!
 11219 | D:14     | Reached XP level 11. HP: 68/68 MP: 11/11
 11220 | D:14     | Noticed a hill giant
 11223 | D:14     | Noticed a cyclops
 11254 | D:14     | Killed a hill giant
 11254 | D:14     | Reached skill level 5 in Dodging
 11340 | D:13     | Reached skill level 5 in Fighting
 11360 | D:13     | Noticed a hill giant
 11375 | D:13     | Killed a hill giant
 11508 | D:13     | Noticed a griffon
 11551 | D:13     | Killed a griffon
 11576 | D:13     | Noticed a cyan ugly thing
 12201 | D:12     | Reached skill level 11 in Stealth
 12265 | D:12     | Noticed a cyan ugly thing
 12348 | D:12     | Killed a cyan ugly thing
 12516 | D:12     | Got an ichor-stained leather armour
 12517 | D:12     | Identified the +1 leather armour of the Dwarven Hall {MR+ Str+4 Slay-4 Stlth+} (You found it on level 12 of the Dungeon)
 13234 | D:11     | Found a staircase to the Orcish Mines.
 13533 | D:11     | Noticed a hill giant
 13545 | D:11     | Killed a hill giant
 13545 | D:11     | Reached XP level 12. HP: 38/79 MP: 12/12
 13688 | D:11     | Upgraded the game from 0.17-a0-1528-gfee3901 to 0.17-a0-1550-g78a4890
 13864 | D:11     | Noticed a four-headed hydra
 13869 | D:11     | Killed a four-headed hydra
 14070 | Lair:1   | Entered Level 1 of the Lair of Beasts
 14781 | Lair:1   | Noticed Harold
 14781 | Lair:1   | Noticed an eight-headed hydra
 14935 | Lair:1   | Killed an eight-headed hydra
 15126 | Lair:1   | Noticed a death yak
 15188 | D:10     | Killed a death yak
 15298 | Lair:1   | Reached skill level 12 in Short Blades
 15309 | Lair:1   | Killed Harold
 16453 | Lair:2   | Noticed a four-headed hydra
 16464 | Lair:2   | Killed a four-headed hydra
 16464 | Lair:2   | Reached skill level 10 in Dodging
 16551 | Lair:2   | Reached XP level 13. HP: 83/83 MP: 13/13
 17444 | Lair:3   | Reached skill level 13 in Stealth
 18145 | Lair:3   | Paralysed by a wasp for 3 turns
 18787 | Lair:4   | Found a labyrinth entrance.
 18795 | Lab      | Entered a labyrinth
 19075 | Lab      | Noticed a minotaur
 19081 | Lab      | Killed a minotaur
 19967 | Lair:4   | Reached skill level 14 in Stealth
 20877 | Lair:6   | Reached XP level 14. HP: 73/90 MP: 14/14
 21318 | Lair:6   | Reached skill level 15 in Stealth
 21376 | Lair:6   | Got a crude dagger
 21377 | Lair:6   | Identified the +3 dagger of Cobwebs {venom, rN+ Int+3 Dex+5} (You found it on level 6 of the Lair of Beasts)
 21519 | Lair:6   | Found a hole to the Spider Nest.
 21857 | Lair:6   | Found a staircase to the Swamp.
 22297 | Lair:7   | Noticed Eptagon's ghost (powerful FoFi)
 22324 | Lair:7   | Killed Eptagon's ghost
 23425 | Lair:7   | Found a viscous altar of Jiyva.
 23425 | Lair:7   | Found a staircase to the Slime Pits.
 23779 | Lair:8   | Entered Level 8 of the Lair of Beasts
 23821 | Lair:8   | Reached skill level 16 in Stealth
 24365 | Lair:8   | Reached XP level 15. HP: 93/101 MP: 15/15
 25105 | Lair:8   | Reached skill level 10 in Fighting
 25831 | Lair:8   | Got a crude ring mail
 25832 | Lair:8   | Identified the +3 ring mail "Jikeshyv" {rF++ Regen+} (You found it on level 8 of the Lair of Beasts)
 25883 | Lair:8   | Got an encrusted rapier
 25884 | Lair:8   | Identified the +4 rapier of Xaegaod {flame, *Confuse rElec rC++ Int+3} (You found it on level 8 of the Lair of Beasts)
 26046 | Lair:7   | Reached skill level 17 in Stealth
 26952 | D:12     | Noticed a cyclops
 26966 | D:12     | Killed a cyclops
 27056 | D:12     | Noticed a cyclops
 27059 | D:12     | Killed a cyclops
 27600 | Orc:1    | Entered Level 1 of the Orcish Mines
 28308 | Orc:1    | Found a roughly hewn altar of Beogh.
 28719 | Orc:3    | Noticed Erolcha
 28726 | Orc:3    | Killed Erolcha
 28729 | Orc:3    | Gained mutation: You are agile. (Dex +2) [potion of beneficial mutation]
 29210 | Orc:4    | Entered Level 4 of the Orcish Mines
 29324 | Orc:4    | Found a staircase to the Elven Halls.
 29538 | Orc:4    | Found Kiameunil's General Store.
 29543 | Orc:4    | Found Wiucsi's Food Shop.
 30173 | Orc:4    | Reached XP level 16. HP: 75/111 MP: 16/16
 30398 | Orc:4    | Reached skill level 18 in Stealth
 30482 | Orc:4    | Found Pecric's Antique Weapon Shoppe.
 30482 | Orc:4    | Found Qenizooh's Book Emporium.
 30482 | Orc:4    | Found a one-way gate leading to the halls of Pandemonium.
 30502 | Orc:4    | Bought a book of Burglary for 825 gold pieces
 30502 | Orc:4    | Bought a book of the Warp for 990 gold pieces
 30505 | Orc:4    | Learned a level 2 spell: Swiftness
 30509 | Orc:4    | Learned a level 3 spell: Passwall
 30515 | Orc:4    | Learned a level 5 spell: Phase Shift
 30521 | Orc:4    | Learned a level 5 spell: Warp Weapon
 30738 | Orc:4    | Noticed simok's ghost (powerful DDBe)
 30762 | Orc:4    | Killed simok's ghost
 30762 | Orc:4    | Reached skill level 1 in Charms
 30762 | Orc:4    | Reached skill level 1 in Translocations
 30939 | Orc:4    | Found a roughly hewn altar of Beogh.
 31467 | D:13     | Noticed Rupert
 31472 | D:13     | Killed Rupert
 31621 | D:13     | Found a portal to a secret trove of treasure.
 31703 | D:14     | Noticed a cyclops
 31706 | D:14     | Killed a cyclops
 31788 | D:14     | Noticed a wizard
 31805 | D:14     | Killed a wizard
 31827 | D:14     | Noticed a wizard
 31829 | D:14     | Noticed a vault guard
 32021 | D:14     | Noticed a hill giant
 32034 | D:14     | Killed a cyclops
 32051 | D:14     | Killed a hill giant
 32255 | D:14     | Killed a vault guard
 32271 | D:14     | Killed a wizard
 32280 | D:14     | Noticed a vault guard
 32343 | D:14     | Killed a vault guard
 32344 | D:14     | Found a gate to the Vaults.
 32528 | D:15     | Entered Level 15 of the Dungeon
 32552 | D:15     | Reached skill level 5 in Charms
 32645 | D:15     | Reached skill level 5 in Translocations
 32687 | D:15     | Paralysed by a giant eyeball for 3 turns
 32697 | D:15     | Paralysed by a giant eyeball for 4 turns
 32716 | D:15     | Paralysed by a giant eyeball for 2 turns
 32731 | D:15     | Paralysed by a giant eyeball for 4 turns
 32853 | D:15     | Paralysed by a giant eyeball for 4 turns
 32974 | D:15     | Identified a scroll of acquirement
 33122 | D:15     | Found a frozen archway.
 33131 | IceCv    | Entered an ice cave
 33622 | IceCv    | Reached XP level 17. HP: 94/117 MP: 17/17
 33653 | IceCv    | Got a crystal rapier
 33654 | IceCv    | Identified the +12 rapier "Lauptakenn" {pierce, *Confuse +Blink rPois rC+ MR+} (You acquired it in an ice cave)
 33958 | D:15     | Found a staircase to the Depths.
 34610 | Swamp:1  | Entered Level 1 of the Swamp
 35131 | Swamp:1  | Got a dazzling dagger
 35132 | Swamp:1  | Identified the cursed +1 dagger of Compound Interest {freeze, rC+ MP+9 Int-3 Dex+4} (You found it on level 1 of the Swamp)
 35550 | Swamp:1  | Upgraded the game from 0.17-a0-1550-g78a4890 to 0.17-a0-1571-g3ed2ab2
 36792 | Swamp:3  | Noticed Aizul
 36864 | Swamp:3  | Killed Aizul
 37372 | Swamp:3  | Got a smoking short sword
 37373 | Swamp:3  | Identified the +0 short sword of Punishment {flame, Int+4} (You found it on level 3 of the Swamp)
 37608 | Swamp:3  | Reached skill level 10 in Charms
 37629 | Swamp:3  | Reached skill level 10 in Translocations
 38041 | Swamp:4  | Entered Level 4 of the Swamp
 38115 | Swamp:4  | Noticed Nikola
 38161 | Swamp:4  | Killed from afar by Nikola

Vault maps used:
D:1:      matt_arrival_spirals, minmay_misc_feat_pillars,
          minmay_misc_feat_nine_boxes, minmay_misc_feat_secret_circle
D:2:      minitemple, first_bread
D:3:      fedhas_altar_2, uniq_terence
D:4:      nicolae_ru_awakened_eye
D:6:      lemuel_doored_altar
D:7:      kennysheep_mini, minmay_temple_entry_enclosed_plants, uniq_menkaure,
          uniq_joseph, uniq_duvessa
D:8:      trog_ov_bears_minmay, uniq_grum
D:9:      yredelemnul_altar_generic
D:10:     lair_0_dummy
D:11:     zombieorc1_lemuel
D:13:     nicolae_trove_entry_crystal, blue_anna_alchemist,
          kennysheep_generic_room_16, uniq_rupert
D:14:     grunt_vaults_entry_tiered, grunt_decor_resistance
D:15:     gammafunk_enter_depths_forms, portal_ice_cave_demonic_guard,
          minmay_curled_crystal, onia_ninara_cookie
Temple:   jpeg_temple_clearing_12
Lair:1:   beast_lair_carwin_6, uniq_harold
Lair:3:   small_statue_intersection, grunt_forest_small_clearings
Lair:4:   lab_entry_generic, infiniplex_staircase_pool_2, grunt_megastairs_3
Lair:6:   minmay_swamp_entry_swarm, nicolae_spider_entry_tight_spaces,
          st_stairs_6, kennysheep_catoblepas_arena
Lair:7:   dpeg_slime_entry_enclosed_altar, lemuel_fruit_tree
Lair:8:   minmay_lair_end_frog_pond, kennysheep_basilisk_garden,
          serial_bayou_shore_b
Swamp:1:  evilmike_swamp_ruin_rubble_2
Swamp:2:  evilmike_swamp_ruin_house_3, swamp_pool1,
          nicolae_swamp_very_dense_foliage
Swamp:3:  evilmike_swamp_ruin_house_1, uniq_aizul
Swamp:4:  swamp_old_school, swamp_pool2, nicolae_swamp_dense_foliage,
          uniq_roxanne, uniq_nikola
Orc:1:    nicolae_orc_stony_grotto, minmay_orc_temple_b
Orc:2:    trog_hazing_becter
Orc:3:    nicolae_orc_pool_cavern, mines3_lemuel, uniq_erolcha
Orc:4:    pf_orc_diabolical, basic_altar
Lab:      labyrinth_skeletal_remains, nicolae_lab_blocks, nicolae_lab_dead_end,
          nicolae_lab_starburst, lab_statue, labyrinth_lava_lair
IceCv:    ice_cave_tombish

Action                   |  1- 3 |  4- 6 |  7- 9 | 10-12 | 13-15 | 16-18 || total
-------------------------+-------+-------+-------+-------+-------+-------++-------
Melee: Dagger            |    68 |   195 |   195 |   747 |  1754 |   761 ||  3720
       Spear             |    10 |    58 |       |       |       |       ||    68
       Short sword       |       |       |    13 |       |       |       ||    13
       Rapier            |       |       |       |       |       |   717 ||   717
 Fire: Blowgun           |     3 |    29 |    72 |    56 |    30 |       ||   190
       Hunting sling     |       |       |       |     3 |       |       ||     3
Throw: Stone             |    32 |    27 |     8 |    47 |     9 |       ||   123
       Throwing net      |       |     2 |       |       |       |       ||     2
       Tomahawk          |       |     5 |    51 |    54 |    33 |     7 ||   150
 Cast: Swiftness         |       |       |       |       |       |     1 ||     1
       Phase Shift       |       |       |       |       |       |     1 ||     1
Invok: Sacrifice Skill   |       |     1 |       |       |       |       ||     1
       Sacrifice Durabil |       |       |     1 |       |       |       ||     1
       Draw Out Power    |       |       |     1 |       |       |     4 ||     5
       Sacrifice a Hand  |       |       |     1 |       |       |       ||     1
       Sacrifice Love    |       |       |       |     1 |       |       ||     1
       Apocalypse        |       |       |       |     2 |       |     1 ||     3
       Power Leap        |       |       |       |       |     1 |       ||     1
 Abil: Evoke Flight      |       |     1 |     1 |       |       |       ||     2
       Breathe Fire      |       |       |     3 |     7 |     9 |     7 ||    26
Evoke: Wand              |       |     2 |       |     8 |    17 |     6 ||    33
  Use: Scroll            |     2 |     6 |    10 |     9 |    12 |    12 ||    51
       Potion            |       |     3 |    11 |    14 |    10 |    13 ||    51
 Stab: Sleeping          |     5 |    13 |    12 |    23 |    46 |    32 ||   131
       Invisible         |       |       |     7 |     3 |    23 |    15 ||    48
       Distracted        |       |       |     1 |    12 |    24 |    16 ||    53
       Fleeing           |       |       |     1 |       |       |       ||     1
       Paralysed         |       |       |       |       |     8 |     3 ||    11
       Petrifying        |       |       |       |       |     1 |       ||     1
  Eat: Chunk             |     1 |     2 |     2 |     3 |    14 |     4 ||    26
       Bread ration      |       |     1 |       |     2 |       |       ||     3
       Meat ration       |       |     1 |     2 |     2 |     2 |     3 ||    10
       Pizza             |       |     1 |       |     3 |     2 |     1 ||     7
       Royal jelly       |       |       |     1 |       |       |     1 ||     2
       Fruit             |       |       |       |       |    21 |    11 ||    32
       Beef jerky        |       |       |       |       |     2 |     1 ||     3
